[Event "Late-Titled-Tuesday-Blitz-April-02-2024"]
[Site "Chess.com"]
[Date "2024.04.02"]
[Round "9"]
[White "dolynachess"]
[Black "Godzillator"]
[Result "1-0"]
[WhiteElo "2548"]
[BlackElo "2413"]
[TimeControl "180+1"]
[EndTime "15:44:11 PDT"]
[Termination "dolynachess won on time"]

1. d4 Nf6 2. c4 e6 3. g3 d5 4. Bg2 c6 5. Nf3 Be7 6. O-O O-O 7. Nc3 Nbd7 8. Qd3 b6 9. Rd1 Bb7 10. e4 dxe4 11. Nxe4 Rc8 12. Bf4 Nxe4 13. Qxe4 Ba8 14. Qe2 Nf6 15. Ne5 Qe8 16. a3 Nd7 17. Nd3 Bf6 18.
Bd6 Be7 19. Bf4 Bf6 20. Ne5 Nxe5 21. dxe5 Be7 22. Rd2 Rd8 23. Rad1 Rxd2 24. Qxd2 Qb8 25. Bg5 Bxg5 26. Qxg5 h6 27. Qe7 Re8 28. Qd7 c5 29. Bxa8 Qxa8 30. Rd6 Rf8 31. h4 Qe4 32. Qxa7 Qb1+ 33.
Kg2 Qxb2 34. Qxb6 Qxa3 35. Rc6 Qc3 36. Qxc5 Rd8 37. Rc8 Rxc8 38. Qxc8+ Kh7 39. Qc5 h5 40. Kg1 Qe1+ 41. Kh2 Qe2 42. Kg2 Qe4+ 43. Kh2 Qe2 44. Qd4 g6 45. c5 Qf3 46. Kg1 g5 47. hxg5 Kg6 48. Qc4 Qd1+ 49. Kg2 h4 50. c6 h3+ 51. Kxh3 Qh1+ 52. Kg4 Qd1+ 53. Kf4 Qd2+ 54. Kf3 Qd1+ 55.
Kg2 Qe1 56. c7 Qxe5 57. c8=Q Qf5 58. Q8c6 Qxg5 59. Qf3 Qe5 60. Qh4 f5 61. Qff4 Qd5+ 62. Qf3 Qe5 63. Qhh5+ Kg7 64. Qg5+ Kf7 65. Qgf4 Qb2 66.
Q4e3 Qb6 67. Qc3 Qd6 68. Qcc6 Qe5 69. Qb7+ Kf6 70. Qbc6 1-0

[Event "Late-Titled-Tuesday-Blitz-April-02-2024"]
[Site "Chess.com"]
[Date "2024.04.02"]
[Round "9"]
[White "shirovin"]
[Black "Mariia89"]
[Result "0-1"]
[WhiteElo "2056"]
[BlackElo "2269"]
[TimeControl "180+1"]
[EndTime "15:44:12 PDT"]
[Termination "Mariia89 won on time"]

1. e4 c6 2. d4 d5 3. Nc3 dxe4 4. Nxe4 Nf6 5. Nxf6+ exf6 6. Nf3 Bg4 7. c3 Be7 8.
h3 Bh5 9. Bd3 Na6 10. Be3 Nc7 11.
Qd2 Nd5 12. Be2 Nxe3 13. Qxe3 O-O 14. O-O Re8 15. Qd2 Bd6 16. Rfe1 Qd7 17. Nh2 Bg6 18.
Bf3 Bc7 19. Nf1 Qd6 20. g3 Bf5 21. Bg2 Qd7 22. Kh2 h5 23. h4 Bg4 24. Ne3 Be6 25.
Bf3 g6 26. Ng2 Bd5 27. Bxd5 Qxd5 28. Rxe8+ Rxe8 29. Nf4 Bxf4 30. Qxf4 Kg7 31. Qd2 Qf3 32. Re1 Rxe1 33. Qxe1 Qf5 34. Kg2 Qc2 35. b4 Qxa2 36. Qe7 Qd5+ 37. Kg1 Qb5 38. Qe3 a5 39. bxa5 Qxa5 40.
c4 Qb4 41. c5 Qc4 42. Kg2 Qd5+ 43. Kh2 Qd7 44. Kg1 Qc7 45. Kg2 b6 46. cxb6 Qxb6 47.
Kg1 Qb5 48. Kg2 Qd5+ 49. Kg1 g5 50. hxg5 fxg5 51. Kh2 Kg6 52. Qd3+ Qf5 53. Qe3 f6 54. Kg1 Qd7 55. Qe4+ Kg7 56. Kg2 Qd5 57. Kf3 Kf7 58. Ke3 Qxe4+ 59. Kxe4 Ke6 60. f4 f5+ 61. Ke3 g4 62. Kd3 Kd5 63. Kc3 Ke4 64. Kc4 h4 65. gxh4 g3 66. h5 g2 67. h6 g1=Q 68. h7 Qg7 0-1

[Event "Late-Titled-Tuesday-Blitz-April-02-2024"]
[Site "Chess.com"]
[Date "2024.04.02"]
[Round "9"]
[White "Fh2411"]
[Black "Onthequiet"]
[Result "0-1"]
[WhiteElo "2554"]
[BlackElo "2443"]
[TimeControl "180+1"]
[EndTime "15:44:13 PDT"]
[Termination "Onthequiet won by resignation"]

1. d4 Nf6 2. Nf3 g6 3. c4 Bg7 4. Nc3 d6 5. Bg5 h6 6. Bh4 Nbd7 7. e3 c5 8. Be2 O-O 9. O-O Re8 10. h3 b6 11. d5 g5 12. Bg3 Nf8 13. e4 N6d7 14. Nd2 Ng6 15. Bg4 Nf4 16. Rb1 Nf8 17.
Ne2 N8g6 18. Bf5 Be5 19. Bxg6 fxg6 20. Nf3 Rf8 21. Nxe5 dxe5 22. f3 Qd6 23. Nc3 Bd7 24.
a4 a6 25. Bf2 h5 26. Qd2 Kh7 27.
Qe3 a5 28. b3 Rf7 29. Kh2 Raf8 30. h4 g4 31. fxg4 Bxg4 32. Bg3 Qf6 33. Rf2 g5 34. hxg5 Qxg5 35. Rbf1 h4 36. Bxf4 Rxf4 37. Rxf4 Rxf4 38.
Rf2 Kg6 39. Nb5 Bd7 40. Nc3 Rxf2 41. Qxf2 Qf4+ 42. Qxf4 exf4 43. Ne2 Kg5 44. Ng1 Bg4 45. Nf3+ Kh5 46. e5 Bxf3 47. gxf3 Kg6 48. d6 exd6 49. exd6 Kf7 50. Kh3 Ke6 51. Kxh4 Kxd6 52. Kg4 Ke5 53. Kg5 Kd4 54. Kxf4 Kc3 55. Ke5 Kxb3 56. Kd5 Kxa4 57.
f4 Kb4 58. f5 a4 59. f6 a3 60. f7 a2 61. f8=Q a1=Q 62. Qb8 Qd4+ 63. Kc6 Qe4+ 64.
Kxb6 Kxc4 65. Qg8+ Qd5 66. Qg4+ Qd4 67. Qe2+ Kc3 68.
Qe1+ Kc2 69. Qe2+ Kb3 70. Qb5+ Qb4 71. Kc6 Qxb5+ 72. Kxb5 c4 0-1

[Event "Late-Titled-Tuesday-Blitz-April-02-2024"]
[Site "Chess.com"]
[Date "2024.04.02"]
[Round "9"]
[White "emeli_chess"]
[Black "GlavkonVVS"]
[Result "1-0"]
[WhiteElo "2452"]
[BlackElo "2600"]
[TimeControl "180+1"]
[EndTime "15:44:15 PDT"]
[Termination "emeli_chess won by resignation"]

1. d4 Nf6 2. c4 e6 3. Nc3 Bb4 4. Qc2 c5 5. dxc5 Na6 6. a3 Bxc5 7. Nf3 b6 8. e3 Bb7 9. b4 Be7 10. Bb2 O-O 11. Be2 Nc7 12. g4 d5 13. g5 Ne4 14.
Rg1 Re8 15. h4 Rc8 16. h5 Bf8 17. g6 fxg6 18. hxg6 h6 19. Nxe4 dxe4 20. Nd4 Nd5 21. Qxe4 e5 22. cxd5 exd4 23. Qxd4 Qxd5 24. Qxd5+ Bxd5 25. Rd1 Be4 26. Rd4 Rc2 27. Bc4+ Kh8 28. Bf7 Rec8 29.
Rxe4 Rxb2 30. Kf1 Rcc2 31. Rf4 a5 32. Kg2 axb4 33. axb4 Rxb4 34. Rxb4 Bxb4 35. Rd1 Rc8 36. Rd7 Bc5 37. Rb7 Rd8 38. e4 Rc8 39. e5 Ra8 40. e6 Rc8 41. e7 Bxe7 42. Rxe7 Rb8 43. Re8+ Rxe8 44. Bxe8 Kg8 45. Kg3 Kf8 46. Bb5 Ke7 47. Kg4 Kf6 48. Bd3 b5 49. f4 b4 50. f5 b3 51. Bb1 Ke5 52. Bd3 b2 53. Bb1 Kf6 54. Kf4 h5 55. Kg3 Kg5 56. Kh3 h4 57. Bc2 Kh5 58.
Bd1+ Kg5 59. Bc2 Kh5 60. Kh2 Kg5 61. Kg2 Kh5 62. Kf3 Kg5 63. Bb1 Kh5 64. Kf4 h3 65.
Kg3 h2 66. Kxh2 Kg4 67. Kg2 Kf4 68. Kf2 Ke5 69. Ke3 Kd6 70. Kf4 Ke7 71. Ke5 Kf8 72.
f6 gxf6+ 73. Kxf6 Kg8 74. Ba2+ Kf8 75. g7+ Ke8 76. g8=Q+ Kd7 77. Qb3 1-0

[Event "Late-Titled-Tuesday-Blitz-April-02-2024"]
[Site "Chess.com"]
[Date "2024.04.02"]
[Round "9"]
[White "mightysmasher"]
[Black "RaugintaBulba"]
[Result "0-1"]
[WhiteElo "2556"]
[BlackElo "2437"]
[TimeControl "180+1"]
[EndTime "15:44:17 PDT"]
[Termination "RaugintaBulba won by checkmate"]

1. e4 c5 2. c3 e6 3. d4 cxd4 4. cxd4 Nf6 5. Nc3 b6 6. Bd3 Bb7 7. Nge2 Be7 8. O-O O-O 9. f3 d6 10. Be3 Nbd7 11. Qd2 e5 12. Rfd1 Rc8 13. d5 Nc5 14.
Bc2 a5 15. Ng3 g6 16. h4 h5 17. Bh6 Re8 18. Bg5 Nfd7 19. Rac1 b5 20. Nxb5 Qb6 21. Kh2 Qxb5 22. Bxe7 Rxe7 23. Qg5 Kf8 24. Qh6+ Ke8 25. Qh8+ Nf8 26. Qf6 Qb6 27. Qh8 Qd8 28. a3 Rec7 29.
b4 Qxh4+ 30. Kg1 Qxg3 31. bxc5 Rxc5 32. Ba4+ Ke7 33. Rb1 R8c7 34. Qg7 h4 35. Qh6 Bc8 36. Bc6 h3 37. Rd2 Qf4 38. Qxf4 exf4 39. e5 Nd7 40. exd6+ Kxd6 41. Re1 Ne5 42. Rde2 Nxc6 43. dxc6 Kxc6 44. Re8 Be6 45. gxh3 Bxh3 46. Rd1 Be6 47. Ra8 Kb7 48. Rad8 Rc1 49. Kf2 R7c2+ 50. Ke1 Rxd1+ 51. Rxd1 Rc3 52. Rd4 Rxf3 53. Kd2 Rxa3 54. Rxf4 Ra2+ 55. Kc3 Kb6 56. Rf1 Ra3+ 57. Kb2 Rb3+ 58. Ka1 g5 59. Rg1 g4 60.
Rg2 g3 61. Rg1 f5 62. Rg2 f4 63. Rg1 f3 64. Re1 Bd5 65. Re8 Ra3+ 66. Kb2 Ra2+ 67.
Kc3 g2 68. Rb8+ Bb7 69. Rg8 Ra1 70. Rg6+ Ka7 71. Kd4 g1=Q+ 72. Rxg1 Rxg1 73. Ke3 Re1+ 74. Kf2 Re2+ 75. Kf1 a4 76. Kg1 a3 77. Kf1 a2 78. Kg1 a1=Q# 0-1

[Event "Late-Titled-Tuesday-Blitz-April-02-2024"]
[Site "Chess.com"]
[Date "2024.04.02"]
[Round "9"]
[White "Resignify"]
[Black "andrzej"]
[Result "1-0"]
[WhiteElo "2249"]
[BlackElo "2443"]
[TimeControl "180+1"]
[EndTime "15:44:20 PDT"]
[Termination "Resignify won by checkmate"]

1. e4 e5 2. Nf3 Nf6 3. Nc3 Bb4 4. Bc4 Bxc3 5. dxc3 d6 6. O-O Nbd7 7. Re1 h6 8. h3 Nc5 9. Nd2 g5 10. b4 Ne6 11.
Bxe6 Bxe6 12. Qe2 Kf8 13. Nc4 Qe7 14. f3 Nh5 15. Ne3 Nf4 16. Qf1 h5 17. Nf5 Qf6 18.
g4 hxg4 19. hxg4 Nh3+ 20. Kg2 Bxf5 21. exf5 Qh6 22. Be3 Nf4+ 23. Bxf4 Qh3+ 24. Kf2 gxf4 25. Qxh3 Rxh3 26. Rh1 Rxh1 27. Rxh1 Kg7 28. g5 Rg8 29.
c4 a5 30. a3 a4 31. c3 b6 32. Rh5 Rd8 33. Ke2 c6 34. Kd3 d5 35. cxd5 cxd5 36.
Rh1 Rc8 37. Rh4 b5 38. Rh6 Rc4 39. Rd6 e4+ 40. Kd2 e3+ 41. Kd3 e2 42. Kxe2 Rxc3 43. Rxd5 Re3+ 44. Kf2 Rxa3 45. Rxb5 Ra2+ 46. Ke1 a3 47.
Ra5 Ra1+ 48. Kf2 a2 49. Kg2 Rb1 50. Rxa2 Rxb4 51. Ra5 Rb3 52. Ra4 Rb2+ 53. Kh3 Rb1 54. Kg4 Rg1+ 55. Kxf4 Rg2 56. Ra6 Rg1 57. Ra7 Rb1 58.
g6 Rb4+ 59. Kg5 Rb1 60. Rxf7+ Kg8 61. Ra7 Rb8 62. Kf6 Kf8 63. g7+ Kg8 64. Kg6 Rb7 65. Ra8+ Rb8 66. Rxb8# 1-0

[Event "Late-Titled-Tuesday-Blitz-April-02-2024"]
[Site "Chess.com"]
[Date "2024.04.02"]
[Round "9"]
[White "Sanyura"]
[Black "alexrustemov"]
[Result "0-1"]
[WhiteElo "2619"]
[BlackElo "2860"]
[TimeControl "180+1"]
[EndTime "15:44:21 PDT"]
[Termination "alexrustemov won by checkmate"]

1. e4 e6 2. d4 d5 3. Nc3 dxe4 4.
Nxe4 Bd7 5. Bd3 Bc6 6. Nf3 Nd7 7.
Qe2 Ngf6 8. Bg5 Be7 9. O-O Nxe4 10. Bxe7 Qxe7 11. Bxe4 Bxe4 12. Qxe4 c6 13. c4 O-O 14.
Rfe1 Rad8 15. a3 h6 16. b4 Rfe8 17. Rab1 a6 18. a4 Nf6 19. Qe2 Qc7 20. b5 axb5 21. axb5 c5 22. b6 Qc6 23. Ne5 Qc8 24. dxc5 Qxc5 25.
Qf3 Rd2 26. Rb5 Qd4 27. Rf1 Re7 28. Nc6 bxc6 29. b7 Nd7 30. b8=Q+ Nxb8 31. Rxb8+ Kh7 32. Qxc6 Ra7 33. Qf3 Qxc4 34. Rbb1 Qd4 35. h3 f6 36. Rfe1 Raa2 37. Re3 Rxf2 38. Qxf2 Rxf2 39. Kxf2 f5 40. Ke2 e5 41. Rd1 Qc4+ 42. Kf2 e4 43. Re2 Qc5+ 44. Kf1 Kg6 45. Rde1 Kg5 46. Rf2 g6 47. Rd1 h5 48.
Re1 h4 49. Rd1 Qc4+ 50. Kg1 f4 51. Kh1 e3 52. Rf3 Kf5 53. Kg1 g5 54. Re1 Qe4 55.
Kh1 g4 56. hxg4+ Kxg4 57. Kh2 Qc2 58. Ref1 Qe4 59. Re1 Qe5 60. Ref1 Kf5 61. Kh3 Ke4 62.
Kh2 Qg5 63. Kg1 Qg4 64. Re1 Kd3 65. Rd1+ Ke2 66. Ra1 Kd2 67. Ra2+ Kc3 68. Ra1 Kc2 69. Ra2+ Kc3 70. Ra1 h3 71. Rxh3 Kd2 72. Rf3 e2 73.
Kf2 Qh4+ 74. g3 Qh2# 0-1

[Event "Late-Titled-Tuesday-Blitz-April-02-2024"]
[Site "Chess.com"]
[Date "2024.04.02"]
[Round "9"]
[White "Defend1r"]
[Black "nabukatnezarr"]
[Result "1/2-1/2"]
[WhiteElo "2653"]
[BlackElo "2636"]
[TimeControl "180+1"]
[EndTime "15:44:24 PDT"]
[Termination "Game drawn by repetition"]

1. e4 e5 2. Nf3 Nc6 3. Bc4 Nf6 4. d4 exd4 5. e5 d5 6. Bb5 Ne4 7. Nxd4 Bd7 8. Bxc6 bxc6 9. O-O Bc5 10. f3 Ng5 11.
Be3 Qe7 12. f4 Ne4 13. Nd2 Nxd2 14. Qxd2 Bb6 15. Nb3 O-O 16. Qc3 f6 17. Nc5 Bf5 18. Bd4 fxe5 19. fxe5 h6 20. b4 a5 21. a3 Kh7 22. Rae1 axb4 23. axb4 Ra2 24. Rf2 Bg6 25. Ref1 Rxf2 26. Rxf2 Bxc5 27. Bxc5 Qe6 28. h3 Be4 29. Kh2 Qg6 30. Qg3 Rxc2 31. Qxg6+ Kxg6 32. Kg3 Rxf2 33. Kxf2 Kf5 34. Bd4 h5 35. g3 g5 36.
Ke3 h4 37. g4+ Ke6 38. Kf2 Bc2 39. Be3 Kxe5 40. Bxg5 d4 41. Bxh4 Kf4 42. Bf6 d3 43. Bc3 Ke4 44. Bd2 Bd1 45. Kg3 Kd4 46. h4 Ke4 47. h5 Ke5 48. Bc3+ Ke6 49. h6 Bc2 50. Kf4 d2 51. Bxd2 Kf7 52. Bc3 Kg8 53. Be5 Kh7 54. Kg5 Bg6 55. Bxc7 Bb1 56. Bf4 Bc2 57. Kf6 Bb1 58. Ke5 Bc2 59. Kd4 Bb1 60.
Kc5 Be4 61. Kd6 Kg6 62. g5 Kh7 63. Be5 Kg6 64. Bf6 Kh7 65. Ke5 Bc2 66. Kd4 Kg6 67. Kc3 Be4 68. Kc4 Bb1 69. Kd4 Kh7 70. Ke3 Kg6 71. Kf4 Bc2 72. Ke5 Kh7 73. Ke6 Kg6 74. Ke7 Kh7 75. Kf8 Bd3 76. Be7 Bc2 77. Bf6 Bd3 78.
b5 cxb5 79. Ke7 b4 80. Kd6 b3 81. Bb2 Bc2 82. Bc1 Kg6 83. Kd5 Kh7 84. Kc4 Kg6 85.
Kc3 Kh7 86. Kd4 Kg6 87. Ke5 b2 88. Bxb2 Kxg5 89. Bc1+ Kg6 90. Kd4 Kh7 91. Ke5 Bg6 92.
Kf6 Bb1 93. Kf7 Bc2 94. Ke6 Bb1 95. Kf7 Bc2 96. Ke6 Bb1 97. Kf7 1/2-1/2

[Event "Late-Titled-Tuesday-Blitz-April-02-2024"]
[Site "Chess.com"]
[Date "2024.04.02"]
[Round "9"]
[White "Rodalquilar"]
[Black "albi1999"]
[Result "1/2-1/2"]
[WhiteElo "2741"]
[BlackElo "2615"]
[TimeControl "180+1"]
[EndTime "15:45:50 PDT"]
[Termination "Game drawn by 50-move rule"]

1. d4 Nf6 2. Nf3 g6 3. Bf4 Bg7 4. e3 O-O 5. Be2 d6 6. O-O c5 7.
c3 cxd4 8. exd4 Nc6 9. h3 Nh5 10.
Bh2 e5 11. dxe5 dxe5 12. Nbd2 Qe7 13. Re1 e4 14. Bf1 f5 15. Nc4 Rd8 16. Qc1 Be6 17. Nfe5 Nxe5 18. Bxe5 Bxe5 19. Nxe5 Qc7 20. Nf3 exf3 21.
Rxe6 fxg2 22. Bxg2 Nf4 23. Re3 Nxg2 24. Kxg2 Qc6+ 25. Kg1 Rd7 26. Qe1 Rad8 27. Re8+ Kf7 28. Rxd8 Rxd8 29. Qe3 Qb6 30. Qh6 Kg8 31. Qg5 Re8 32. Qd2 Qf6 33. Rd1 Re7 34. Qd5+ Kg7 35. Kf1 f4 36. Rd3 a6 37. Qf3 Qf5 38. Kg2 h5 39.
Rd5 Qf6 40. Qd3 Kh6 41. Qd4 f3+ 42. Kg3 Qxd4 43. Rxd4 Re2 44. Rb4 b5 45. Kxf3 Rc2 46. h4 g5 47. hxg5+ Kxg5 48. Kg3 Kf5 49. a3 Kg5 50. f3 Rd2 51. Kh3 Rf2 52. Kg3 Rd2 53. c4 bxc4 54. a4 Rc2 55. a5 c3 56. bxc3 Rxc3 57. Rb6 h4+ 58. Kg2 Rc2+ 59. Kh3 Rf2 60.
Rxa6 Rxf3+ 61. Kg2 Ra3 62. Ra8 h3+ 63. Kh2 Kg4 64.
a6 Ra2+ 65. Kh1 Kg3 66. Rg8+ Kf3 67. Rg6 h2 68. Rb6 Ke4 69. Rg6 Kd5 70. Rg5+ Kc6 71. Rg6+ Kc7 72. Rg7+ Kb6 73. Rg6+ Ka7 74. Rg8 Rxa6 75.
Kxh2 Rc6 76. Kh3 Kb6 77. Rg5 Rc5 78. Rg1 Kb5 79. Rd1 Rc4 80. Kg3 Kc5 81. Kf3 Rd4 82.
Rc1+ Rc4 83. Rh1 Rd4 84. Ke3 Rd5 85. Rh4 Re5+ 86. Kd3 Rd5+ 87. Kc3 Kd6 88. Rh6+ Kc5 89. Rg6 Re5 90. Rg4 Rf5 91. Ra4 Rf3+ 92. Kd2 Rg3 93.
Rf4 Rh3 94. Ke2 Kd5 95. Rg4 Ke5 96. Rb4 Kf5 97. Kf2 Ke5 98. Kg2 Ra3 99. Rb5+ Kd4 100.
Rb8 Ke5 101. Kf2 Kf4 102. Ke2 Ke4 103. Kd2 Kd4 104. Rd8+ Ke4 105. Rh8 Kf4 106. Rh5 Kg4 107. Rd5 Rh3 108. Rd4+ Kf5 109. Ra4 Ke5 110. Kc2 Kd5 111. Rg4 Ke5 112. Rg1 Kd4 113. Rd1+ Kc4 114. Rd8 Rh2+ 115. Kd1 Kc3 116. Ke1 Rg2 117. Rd7 Ra2 118. Rd6 Kc4 119. Rd1 Kc3 120. Rd5 Kc4 121. Rg5 Kd4 122. Rg3 Ke4 123. Rb3 Kf4 124. Kd1 Ke4 125. Kc1 1/2-1/2

[Event "Late-Titled-Tuesday-Blitz-April-02-2024"]
[Site "Chess.com"]
[Date "2024.04.02"]
[Round "10"]
[White "ZachHKL"]
[Black "RealPerangel"]
[Result "0-1"]
[WhiteElo "2298"]
[BlackElo "2566"]
[TimeControl "180+1"]
[EndTime "15:48:12 PDT"]
[Termination "RealPerangel won by resignation"]

1. e4 d5 2. exd5 Qxd5 3. Nc3 Qa5 4. d4 Nf6 5. Nf3 Bg4 6. Be2 Nc6 7. O-O O-O-O 8.
Be3 e5 9. d5 Nxd5 10. Nxd5 Rxd5 11. Qe1 f5 12. Bc4 Bxf3 13. gxf3 f4 14. Bxd5 Qxd5 15. Bd2 Nd4 16. Qe4 0-1

[Event "Late-Titled-Tuesday-Blitz-April-02-2024"]
[Site "Chess.com"]
[Date "2024.04.02"]
[Round "10"]
[White "GMKrikor"]
[Black "Bryanl106"]
[Result "1-0"]
[WhiteElo "2876"]
[BlackElo "2684"]
[TimeControl "180+1"]
[EndTime "15:48:24 PDT"]
[Termination "GMKrikor won by resignation"]

1. Nf3 Nf6 2. c4 g6 3. Nc3 Bg7 4. e4 d6 5. d4 O-O 6. h3 c5 7. d5 e6 8. Be2 exd5 9. exd5 Re8 10. O-O Bf5 11. Bd3 Bxd3 12. Qxd3 Nfd7 13. Bf4 Ne5 14. Nxe5 Bxe5 15. Bxe5 Rxe5 16. f4 Re8 17. f5 Nd7 18. fxg6 hxg6 19. Ne4 Ne5 20. Qg3 f5 21. Rxf5 Qd7 22.
Nf6+ 1-0

[Event "Late-Titled-Tuesday-Blitz-April-02-2024"]
[Site "Chess.com"]
[Date "2024.04.02"]
[Round "10"]
[White "Hikaru"]
[Black "jcibarra"]
[Result "1-0"]
[WhiteElo "3254"]
[BlackElo "2972"]
[TimeControl "180+1"]
[EndTime "15:48:37 PDT"]
[Termination "Hikaru won by resignation"]

1. d4 Nf6 2. Bg5 d5 3. e3 c5 4. Bxf6 gxf6 5. dxc5 e6 6. a3 Bxc5 7. b4 Be7 8. Nd2 a5 9. c3 f5 10. Ne2 Bf6 11. Rc1 axb4 12. axb4 Nc6 13. Nd4 O-O 14. Bd3 Kh8 15. O-O Rg8 16. f4 Bd7 17. N2f3 Qc7 18.
Qd2 Ra3 19. Nb5 1-0

[Event "Late-Titled-Tuesday-Blitz-April-02-2024"]
[Site "Chess.com"]
[Date "2024.04.02"]
[Round "10"]
[White "albi1999"]
[Black "Rashad_Zeynalli"]
[Result "1-0"]
[WhiteElo "2625"]
[BlackElo "2686"]
[TimeControl "180+1"]
[EndTime "15:48:37 PDT"]
[Termination "albi1999 won by resignation"]

1. Nf3 d5 2. e3 Nf6 3. c4 e6 4.
Nc3 Be7 5. b3 O-O 6. Bb2 b6 7.
cxd5 exd5 8. Rc1 c5 9. d4 Ne4 10. dxc5 Bf6 11. cxb6 Qxb6 12. Nxd5 Qa5+ 13. b4 Qxa2 14.
Nxf6+ gxf6 15. Qc2 Bf5 16. Bc4 1-0

[Event "Late-Titled-Tuesday-Blitz-April-02-2024"]
[Site "Chess.com"]
[Date "2024.04.02"]
[Round "10"]
[White "Shankland"]
[Black "DrKerfuffle"]
[Result "0-1"]
[WhiteElo "2886"]
[BlackElo "2813"]
[TimeControl "180+1"]
[EndTime "15:48:56 PDT"]
[Termination "DrKerfuffle won by resignation"]

1. e4 c5 2. Nf3 d6 3. d4 cxd4 4. Nxd4 Nf6 5. Nc3 g6 6. Be3 Bg7 7. f3 O-O 8. Qd2 Nc6 9. O-O-O Nxd4 10. Bxd4 Be6 11. Kb1 Qc7 12. h4 Rfc8 13. h5 Qa5 14. hxg6 fxg6 15. a3 Rab8 16. Bd3 Bf7 17. Qe1 b5 18. Bxf6 exf6 19. Nd5 Qxe1 20. Rhxe1 Kf8 21. Bf1 a5 22. c3 Rc5 23. b4 axb4 24. axb4 Rc6 25.
Kb2 f5 26. exf5 Bxd5 27. Rxd5 Bxc3+ 0-1

[Event "Late-Titled-Tuesday-Blitz-April-02-2024"]
[Site "Chess.com"]
[Date "2024.04.02"]
[Round "10"]
[White "Crazy_girl99"]
[Black "Kavyev_Ruslan"]
[Result "0-1"]
[WhiteElo "2599"]
[BlackElo "2417"]
[TimeControl "180+1"]
[EndTime "15:49:08 PDT"]
[Termination "Kavyev_Ruslan won by resignation"]

1. e4 c5 2. Nf3 Nc6 3. Bb5 Nd4 4. Bd3 g6 5. c3 Nc6 6. O-O Bg7 7. Bc2 d5 8. exd5 Qxd5 9. d4 cxd4 10. Bb3 Qd6 11. Ng5 e6 12. cxd4 Qxd4 13. Qf3 Qf6 14. Qg3 Nge7 15. Ne4 Qe5 16. Nd6+ Kf8 17. Bf4 Qxb2 18.
Nd2 Qxa1 19. Rxa1 Bxa1 20. Bh6+ Bg7 21. Qe5 Nxe5 0-1

[Event "Late-Titled-Tuesday-Blitz-April-02-2024"]
[Site "Chess.com"]
[Date "2024.04.02"]
[Round "10"]
[White "simaopdias"]
[Black "PonyQueen07"]
[Result "0-1"]
[WhiteElo "2289"]
[BlackElo "2251"]
[TimeControl "180+1"]
[EndTime "15:49:08 PDT"]
[Termination "PonyQueen07 won by checkmate"]

1. e4 c5 2. Nf3 Nc6 3. d4 cxd4 4. Nxd4 Nf6 5. Nc3 e5 6. Ndb5 d6 7. Bg5 a6 8. Na3 b5 9. Nd5 Be7 10. Bxf6 Bxf6 11. c3 O-O 12. Nc2 Rb8 13. a3 Bg5 14. h4 Bh6 15. Qf3 f5 16. Bd3 fxe4 17. Qxe4 Bf5 18.
Qe2 e4 19. Bxe4 Bxe4 20. Qxe4 Re8 21. Qxe8+ Qxe8+ 22. Nce3 Bxe3 23. Nxe3 d5 24. O-O-O d4 25. cxd4 Qe4 26. Nc2 Na5 27. f3 Qf5 28. Ne3 Nb3# 0-1

[Event "Late-Titled-Tuesday-Blitz-April-02-2024"]
[Site "Chess.com"]
[Date "2024.04.02"]
[Round "10"]
[White "Zkid"]
[Black "sergiochess83"]
[Result "1-0"]
[WhiteElo "2858"]
[BlackElo "2952"]
[TimeControl "180+1"]
[EndTime "15:49:22 PDT"]
[Termination "Zkid won by resignation"]

1. e4 e6 2. d4 d5 3. Nc3 Bb4 4. e5 c5 5. a3 Bxc3+ 6. bxc3 Qa5 7. Bd2 Qa4 8. h4 Nc6 9. h5 Nge7 10. h6 gxh6 11.
Rxh6 cxd4 12. Nf3 Nf5 13. Rh3 dxc3 14. Bxc3 Qe4+ 15. Qe2 Qxe2+ 16. Bxe2 Bd7 17. Bd3 Rc8 18. Bxf5 exf5 19. e6 1-0

[Event "Late-Titled-Tuesday-Blitz-April-02-2024"]
[Site "Chess.com"]
[Date "2024.04.02"]
[Round "10"]
[White "dennisodessa"]
[Black "FredddieCroderg"]
[Result "1-0"]
[WhiteElo "2556"]
[BlackElo "2391"]
[TimeControl "180+1"]
[EndTime "15:49:44 PDT"]
[Termination "dennisodessa won by resignation"]

1. d4 d5 2. c4 e6 3. Nc3 Nf6 4. cxd5 exd5 5. Bg5 Be7 6. e3 O-O 7. Bd3 Re8 8. Nge2 c6 9. Qc2 h6 10. Bh4 c5 11. dxc5 Nc6 12. O-O Nb4 13. Qd2 Nxd3 14.
Qxd3 Be6 15. b4 a5 16. a3 b6 17. cxb6 Qxb6 18. b5 a4 19. Nf4 Rac8 20. Bxf6 Bxf6 21. Ncxd5 Qd6 22. Nxf6+ 1-0

[Event "Late-Titled-Tuesday-Blitz-April-02-2024"]
[Site "Chess.com"]
[Date "2024.04.02"]
[Round "10"]
[White "Ar4uha"]
[Black "Onthequiet"]
[Result "1-0"]
[WhiteElo "2590"]
[BlackElo "2438"]
[TimeControl "180+1"]
[EndTime "15:49:53 PDT"]
[Termination "Ar4uha won by resignation"]

1. e4 c6 2. d4 d5 3. exd5 cxd5 4. Bd3 Nf6 5. c3 Nc6 6. h3 g6 7. Bf4 Bf5 8. Nf3 Bg7 9. O-O O-O 10. Ne5 Bxd3 11. Qxd3 Nxe5 12. Bxe5 e6 13. Nd2 Rc8 14. Rfe1 Qd7 15. h4 b5 16. b4 Qc6 17. Rac1 Qa6 18. Rc2 Nd7 19. Bxg7 Kxg7 20. Nb3 Nb6 21. Nc5 Qa3 22.
Qxb5 Nc4 23. Qd7 Kg8 24. h5 a5 25. h6 Rfe8 26. Rxe6 Rf8 27. Qe7 1-0

[Event "Late-Titled-Tuesday-Blitz-April-02-2024"]
[Site "Chess.com"]
[Date "2024.04.02"]
[Round "10"]
[White "ChessSwole"]
[Black "Duhless"]
[Result "0-1"]
[WhiteElo "2711"]
[BlackElo "3096"]
[TimeControl "180+1"]
[EndTime "15:49:56 PDT"]
[Termination "Duhless won by resignation"]

1. d4 Nf6 2. c4 e6 3. Nf3 a6 4. g3 b5 5. b3 Bb7 6. Bg2 c5 7. O-O cxd4 8. cxb5 axb5 9. Bb2 Be7 10. Nxd4 Bxg2 11. Kxg2 b4 12. a4 bxa3 13. Nxa3 O-O 14.
e3 Na6 15. Nc4 Nb4 16. Qf3 Qb8 17. Rxa8 Qxa8 18. Qxa8 Rxa8 19. Ra1 Rb8 20. Ra7 Bc5 21. Rc7 Na6 0-1

[Event "Late-Titled-Tuesday-Blitz-April-02-2024"]
[Site "Chess.com"]
[Date "2024.04.02"]
[Round "10"]
[White "Navyblue1"]
[Black "cthulhuuu"]
[Result "0-1"]
[WhiteElo "2278"]
[BlackElo "2454"]
[TimeControl "180+1"]
[EndTime "15:50:07 PDT"]
[Termination "cthulhuuu won by resignation"]

1. d4 Nf6 2. c4 e5 3. dxe5 Ng4 4. e3 Nxe5 5. f4 Nec6 6. Nc3 Bb4 7. Bd2 a5 8. Nf3 O-O 9. Bd3 d6 10. O-O f5 11. Qc2 Na6 12. a3 Nc5 13. axb4 Nxb4 14.
Qb1 Nbxd3 15. b4 Nxb4 16. Nd5 Nxd5 17. cxd5 b6 18. Nd4 Ba6 19. Rf3 Bd3 20. Qe1 Be4 21. Rh3 Bxd5 22. Qh4 Qxh4 23. Rxh4 Ne4 24. Be1 c5 25. Nf3 a4 26. Ng5 Nxg5 27. fxg5 Be4 28.
Bg3 Rfd8 29. g6 hxg6 0-1

[Event "Late-Titled-Tuesday-Blitz-April-02-2024"]
[Site "Chess.com"]
[Date "2024.04.02"]
[Round "10"]
[White "trriinu"]
[Black "kikoveiga"]
[Result "1-0"]
[WhiteElo "2290"]
[BlackElo "2446"]
[TimeControl "180+1"]
[EndTime "15:50:11 PDT"]
[Termination "trriinu won by resignation"]

1. e4 c5 2. Nf3 d6 3. Bb5+ Bd7 4. Bxd7+ Qxd7 5. O-O Nc6 6. c3 Nf6 7. Qe2 e6 8. Rd1 Be7 9. d4 cxd4 10. cxd4 d5 11.
e5 Ne4 12. Ne1 O-O 13. f3 Ng5 14. h4 Nxd4 15. Rxd4 Bc5 16. Bxg5 Bxd4+ 17. Kh1 f6 18. exf6 Bxf6 19. Nd3 Bxg5 20. hxg5 Qf7 21. f4 Qf5 22. Nc3 Rac8 23. Re1 Rfe8 24. g4 Qg6 25. Ne5 Rxc3 26.
Nxg6 1-0

[Event "Late-Titled-Tuesday-Blitz-April-02-2024"]
[Site "Chess.com"]
[Date "2024.04.02"]
[Round "10"]
[White "dosto07"]
[Black "ellennilssen"]
[Result "1-0"]
[WhiteElo "2477"]
[BlackElo "2341"]
[TimeControl "180+1"]
[EndTime "15:50:16 PDT"]
[Termination "dosto07 won by resignation"]

1. e4 c6 2. d4 d5 3. exd5 cxd5 4. Bd3 Nc6 5. c3 Qc7 6. h3 Nf6 7. Nf3 e6 8. O-O Bd6 9. Qe2 O-O 10. Bg5 Ne7 11.
Bxf6 gxf6 12. Nbd2 Ng6 13. g3 Kh8 14. c4 dxc4 15.
Nxc4 Be7 16. Rac1 Qd7 17. Rfd1 b6 18. Be4 Rb8 19. d5 f5 20. Nce5 Qe8 21. Bd3 Bc5 22. Bb5 Qd8 23. b4 Nxe5 24. Qxe5+ f6 25. Qxb8 Bxb4 26.
dxe6 1-0

[Event "Late-Titled-Tuesday-Blitz-April-02-2024"]
[Site "Chess.com"]
[Date "2024.04.02"]
[Round "10"]
[White "manitodeplomo"]
[Black "Rodalquilar"]
[Result "0-1"]
[WhiteElo "2628"]
[BlackElo "2747"]
[TimeControl "180+1"]
[EndTime "15:50:24 PDT"]
[Termination "Rodalquilar won by resignation"]

1. d4 d5 2. c4 e6 3. Nf3 Nf6 4. Nc3 a6 5. e3 b6 6. Bd2 Bb7 7. Rc1 Nbd7 8. Be2 dxc4 9. Bxc4 Bd6 10. a4 O-O 11. O-O Qe7 12. Qe2 e5 13. Rfd1 Rfe8 14. Be1 h6 15. h3 exd4 16. Nxd4 Qe5 17. f4 Qxe3+ 18. Qxe3 Rxe3 19. Nf5 Bxf4 20. Bd2 Re5 21. Bxf4 Rxf5 22. Bxc7 Rc5 23. Ne2 Rc8 0-1